 Dungeon Crawl Stone Soup version 0.23.2-30-g0e89c35649 (webtiles) character file.

Game seed: 12476970363055498455

493 MalarOregon the Chiller (level 7, 0/50 HPs)
             Began as a Ghoul Ice Elementalist on June 21, 2019.
             Was an Initiate of Yredelemnul.
             Slain by a hound (4 damage)
             ... on level 7 of the Dungeon.
             The game lasted 00:12:21 (6954 turns).

MalarOregon the Chiller (Ghoul Ice Elementalist)    Turns: 6954, Time: 00:12:21

Health: 0/50       AC:  3    Str: 12    XL:     7   Next: 15%
Magic:  12/12      EV: 12    Int: 12    God:    Yredelemnul [......]
Gold:   358        SH:  0    Dex:  9    Spells: 7/14 levels left

rFire    + . .     SeeInvis .   y - staff of fire
rCold    + . .     Gourm    .   (no shield)
rNeg     + + +     Faith    .   a - +1 robe
rPois    ∞         Spirit   .   (no helmet)
rElec    .         Reflect  .   (no cloak)
rCorr    .         Harm     .   (no gloves)
MR       .....                  (no boots)
Stlth    ++........             o - amulet of regeneration (curse)
HPRegen  0.00/turn              h - ring of flight
MPRegen  0.13/turn              (no ring)

@: rotting
A: rotting body, claws 1, carnivore, cold resistance 1, negative energy
resistance 3, inhibited regeneration, torment resistance, unbreathing
a: Renounce Religion, Evoke Flight


You were on level 7 of the Dungeon.
You worshipped Yredelemnul.
Yredelemnul was noncommittal.
You were not hungry.

You visited 2 branches of the dungeon, and saw 8 of its levels.

You collected 358 gold pieces.

Inventory:

Armour
 a - a +1 robe (worn)
 s - the +1 robe of Divine Compulsion {rF+}
   (You took it off an orc on level 5 of the Dungeon)

   It protects you from fire.
Magical Staves
 y - an uncursed staff of fire (weapon)
   (You found it on level 6 of the Dungeon)
Jewellery
 h - a ring of flight (left claw)
   (You found it on level 1 of the Dungeon)
 o - a cursed amulet of regeneration (around neck)
   (You found it on level 5 of the Dungeon)
Wands
 v - a wand of digging (5)
   (You found it on level 2 of the Dungeon)
Scrolls
 b - 2 scrolls of amnesia
 c - a scroll of noise {!r}
 j - a scroll of magic mapping
 n - a scroll of teleportation {@r4}
 q - 4 scrolls of remove curse {@r2}
Potions
 d - 2 potions of might
 g - 4 potions of cancellation
 i - 2 potions of curing {@q1}
 k - a potion of magic {unknown}
 l - 3 potions of heal wounds {@q2}
 m - a potion of ambrosia
 p - 3 potions of agility
 r - a potion of brilliance {unknown}
 u - 2 potions of mutation {unknown}
Comestibles
 e - 8 rations {!d}
 x - a chunk of flesh


   Skills:
 - Level 1.7 Dodging
 - Level 2.1 Stealth
 + Level 4.0 Spellcasting
 + Level 3.0 Conjurations
 + Level 5.8 Ice Magic


You had 7 spell levels left.
You knew the following spells:

 Your Spells              Type           Power        Failure   Level  Hunger
a - Freeze                Ice            ###.         1%          1    #......
c - Throw Icicle          Conj/Ice       ##......     34%         4    #####..
x - Throw Frost           Conj/Ice       ##....       5%          2    ##.....

Your spell library contained the following spells:

 Spells                   Type           Power        Failure   Level  Hunger
 Ozocubu's Armour         Chrm/Ice       #.......     21%         3    ###....
 Summon Ice Beast         Ice/Summ       #.......     54%         4    #####..


Dungeon Overview and Level Annotations

Branches:
Dungeon (7/15)             Temple (1/1) D:4

Altars:
Ashenzari
Cheibriados
Dithmenos
Elyvilon
Fedhas
Gozag
Hepliaklqana
Makhleb
Okawaru
Ru
Sif Muna
Trog
Vehumet
Wu Jian
Xom
Yredelemnul
The Shining One

Shops:
D:4 !

Annotations:
D:2 Sigmund
D:4 Pikel


Innate Abilities, Weirdness & Mutations

Your body is rotting away.
You thrive on raw meat.
You are immune to poison.
You have sharp fingernails.
You are carnivorous and can eat meat at any time.
Your flesh is cold resistant. (rC+)
You are immune to negative energy. (rN+++)
You do not regenerate when monsters are visible.
You are immune to unholy pain and torment.
You can survive without breathing.


Message History

There is a stone staircase leading up here.
Aim: an ogre, wielding a +0 giant spiked club (moderately wounded)
You freeze the ogre. The giant cockroach closely misses you.
The ogre hits you with a +0 giant spiked club!
* * * LOW HITPOINT WARNING * * *
A hound comes into view.
The giant cockroach bites you.
* * * LOW HITPOINT WARNING * * *
The giant cockroach barely misses you.
The giant cockroach bites you but does no damage.
The giant cockroach bites you.
* * * LOW HITPOINT WARNING * * *
It was a potion of lignification.
You feel woody for a moment. The giant cockroach closely misses you.
It was a potion of ambrosia.
You are confused.
You feel invigorated. The giant cockroach closely misses you.
The hound bites you but does no damage. The giant cockroach bites you.
The hound misses you.
Found a scroll labeled POCLOL XOIZA.
The hound barely misses you. x2; The giant cockroach bites you.
Found a stone staircase leading up.
You feel less invigorated.
You feel less confused. The hound bites you.
Found 15 gold pieces.
A centaur comes into view.
The centaur shouts!
You hear a loud, deep croak!
You hear an angry hiss.
The centaur wields a +0 shortbow.
The centaur shoots an arrow.
The arrow hits you!
* * * LOW HITPOINT WARNING * * *
A centaur comes into view.
You see here an arrow.
Unknown command.
The giant cockroach closely misses you. The ogre barely misses you.
The hound closely misses you.
The giant cockroach completely misses you.
The giant cockroach closely misses you.
The ogre hits you with a +0 giant spiked club!
* * * LOW HITPOINT WARNING * * *
The hound bites you.
* * * LOW HITPOINT WARNING * * *
The hound bites you.
* * * LOW HITPOINT WARNING * * *
The giant cockroach waves its antennae.
Unknown command.
There is a stone staircase leading up here.
The hound bites you but does no damage. The hound bites you.
You die...
Yredelemnul claims you as an undead slave.

#...c.........
#...(##.....>.
##..c.......##
##..........##
##..c##........
###....#.........
#.....cs..).....#
#......$.h.#....#
##.......O@##.#.#
#######...# #####


You could see an ogre, 2 centaurs, a hound and a giant cockroach.

Vanquished Creatures
  2 slaves
  An ogre (D:5)
  A jelly (D:6)
  An orc priest (D:4)
  2 orc wizards
  3 hounds
  Jessica (D:2)
  A worker ant (D:6)
  6 adders
  A shadow imp (D:5)
  An adder zombie (D:5)
  An adder skeleton (D:4)
  A worm (D:2)
  A dart slug (D:1)
  4 leopard geckos
  7 orcs
  3 ball pythons
  3 giant cockroaches
  4 goblins
  10 hobgoblins
  6 jackals
  A quokka (D:4)
  6 bats
  3 frilled lizards
  A jackal skeleton (D:6)
  A jackal zombie (D:2)
  6 kobolds
  10 rats
88 creatures vanquished.

Notes
Turn   | Place    | Note
-------+----------+-------------------------------------------
     0 | D:1      | MalarOregon the Ghoul Ice Elementalist began the quest for
                  | the Orb.
     0 | D:1      | Reached XP level 1. HP: 14/14 MP: 2/2
   303 | D:1      | Reached XP level 2. HP: 20/20 MP: 2/4
   738 | D:1      | Reached XP level 3. HP: 21/26 MP: 0/5
   755 | D:1      | Reached skill level 4 in Ice Magic
  1281 | D:2      | Learned a level 2 spell: Throw Frost
  1419 | D:2      | Noticed Jessica
  1427 | D:2      | Killed Jessica
  1427 | D:2      | Reached skill level 1 in Conjurations
  1429 | D:2      | Reached XP level 4. HP: 19/33 MP: 0/6
  1607 | D:2      | Noticed Sigmund
  1920 | D:3      | Found a shadowy altar of Dithmenos.
  2486 | D:3      | Found a basalt altar of Yredelemnul.
  2588 | D:4      | Reached XP level 5. HP: 38/38 MP: 3/8
  2594 | D:4      | Noticed a slave
  2655 | D:3      | Became a worshipper of Yredelemnul the Dark
  2691 | D:4      | Found a staircase to the Ecumenical Temple.
  2733 | Temple   | Entered the Ecumenical Temple
  2982 | D:4      | Found Savidgh's Distillery.
  3182 | D:4      | Killed a slave
  4000 | D:4      | Noticed a slave
  4000 | D:4      | Noticed a slave
  4000 | D:4      | Noticed a slave
  4002 | D:4      | Noticed Pikel
  4019 | D:3      | Killed a slave
  4866 | D:5      | Entered Level 5 of the Dungeon
  4875 | D:4      | Reached skill level 5 in Ice Magic
  5084 | D:5      | Noticed a phantom
  5322 | D:4      | Learned a level 4 spell: Throw Icicle
  5369 | D:5      | Identified the +1 robe of Divine Compulsion {rF+}
  5495 | D:5      | Found an iron altar of Okawaru.
  5495 | D:5      | Found a sacrificial altar of Ru.
  5501 | D:5      | Reached XP level 6. HP: 41/44 MP: 6/10
  5656 | D:5      | HP: 2/44 [bullfrog zombie (3)]
  6469 | D:5      | Noticed an ice beast
  6747 | D:6      | Reached XP level 7. HP: 36/49 MP: 5/12
  6954 | D:7      | Slain by a hound

Skill      XL: |  1  2  3  4  5  6 |
---------------+-------------------+-----
Spellcasting   | 2 3 4 |  4.0
Ice Magic      | 4 5 |  5.8
Conjurations   | 1 2 3 |  3.0
Dodging        | |  1.7
Stealth        | |  2.1

Action                   |  1- 3 |  4- 6 |  7- 9 || total
-------------------------+-------+-------+-------++-------
Melee: Unarmed           |    49 |    93 |     1 ||   143
 Cast: Freeze            |    39 |   121 |     8 ||   168
       Throw Frost       |     2 |       |     6 ||     8
  Use: Scroll            |       |     9 |     5 ||    14
       Potion            |       |       |     2 ||     2
 Stab: Sleeping          |     1 |       |       ||     1
  Eat: Chunk             |     3 |    24 |     1 ||    28
       Ration            |       |     1 |       ||     1
Armor: Robe              |     9 |    22 |     3 ||    34
Dodge: Dodged            |    51 |   107 |    17 ||   175
